 Dungeon Crawl Stone Soup version 0.28-a0-1128-gb845255321 (webtiles) character file.

Game seed: 14800821952787146722

2 LadyOphelia the Skirmisher (level 1, 0/24 HPs)
             Began as an Ogre Berserker on Dec 12, 2021.
             Was a Follower of Trog.
             Slain by a quokka (3 damage)
             ... on level 1 of the Dungeon.
             The game lasted 00:00:38 (34 turns).

LadyOphelia the Skirmisher (Ogre Berserker)           Turns: 34, Time: 00:00:39

Health: 0/24       AC:  3    Str: 20    XL:     1   Next: 40%
Magic:  1/1        EV: 10    Int:  8    God:    Trog [*.....]
Gold:   0          SH:  0    Dex:  8    Spells: 0/0 levels left

rFire   . . .      SeeInvis .   a - +0 mace
rCold   . . .      Faith    .   (no shield)
rNeg    . . .      Spirit   .   b - +0 animal skin
rPois   .          Reflect  .   (helmet restricted)
rElec   .          Harm     .   (no cloak)
rCorr   .          Rampage  .   (gloves unavailable)
Will    .....                   (boots unavailable)
Stlth   +.........              (no amulet)
HPRegen 0.08/turn               (no ring)
MPRegen 0.07/turn               (no ring)

@: no status effects
A: large, unfitting armour, tough skin 1
a: Renounce Religion, Berserk


You were on level 1 of the Dungeon.
You worshipped Trog.
Trog was aware of your devotion.
You visited 1 branch of the dungeon, and saw 1 of its levels.

Inventory:

Hand Weapons
 a - a +0 mace (weapon)
Armour
 b - a +0 animal skin (worn)
Potions
 c - 2 potions of flight {unknown}


   Skills:
 + Level 4.1 Fighting
 + Level 2.7 Maces & Flails
 + Level 2.7 Dodging


You couldn't memorise any spells.
You didn't know any spells.
Your spell library was empty.

Dungeon Overview and Level Annotations

Branches:
Dungeon (1/15)

Altars:


Innate Abilities, Weirdness & Mutations

You are too large for most types of armour.
You have tough skin. (AC +1)


Message History

You kill the frilled lizard!
Trog accepts your kill.
You hear an angry hiss.
A rat comes into view.
A quokka comes into view.
The goblin hits you with a +0 club.
The goblin hits you with a +2 dagger of flaming.
The goblin burns you.
You closely miss the goblin. The goblin closely misses you.
The goblin hits you but does no damage.
You hit the goblin.
You kill the goblin!
Trog accepts your kill.
The goblin hits you with a +2 dagger of flaming.
The goblin burns you.
The goblin hits you with a +2 dagger of flaming.
The goblin burns you. The rat bites you.
Things that are here:
a +0 club; a goblin corpse The goblin hits you with a +2 dagger of flaming.
The goblin burns you.
* * * LOW HITPOINT WARNING * * *
Things that are here:
10 gold pieces; a blue potion You sock the goblin!
You kill the goblin!
Trog accepts your kill. The quokka bites you.
* * * LOW HITPOINT WARNING * * *
You completely miss the quokka.
The quokka bites you but does no damage.
The quokka closely misses you.
You closely miss the quokka.
The quokka bites you but does no damage.
You hit the quokka.
The quokka is severely wounded.
The quokka bites you.
* * * LOW HITPOINT WARNING * * *
The quokka bites you.
You die...

...... .# #..... ..
#...#.#.
######...#...
.........#..#
......... ..#######
........###.#.....#
.......)rr@(+.....+
........###.#.....#
#######.# #.#.....#
..# #.#.....# ....
#.#.....# .....
#.......#
......###......#
............#'#(#
...#...#<#.#


You could see a quokka and a rat.

Vanquished Creatures
  A frilled lizard (D:1)
  2 goblins (D:1)
3 creatures vanquished.

Notes
Turn   | Place    | Note
-------+----------+-------------------------------------------
     0 | D:1      | LadyOphelia the Ogre Berserker began the quest for the Orb.
     0 | D:1      | Reached XP level 1. HP: 24/24 MP: 1/1
    34 | D:1      | Slain by a quokka

Illustrated notes

Levels and vault maps discovered:
D:1:      dpeg_arrival_tiny_d, layout_basic, serial_glass, glass_columns_a,
          glass_columns_a

Action                   || total
-------------------------++-------
Melee: Mace              ||     7
Armor: Animal skin       ||     3
Dodge: Dodged            ||     2

Table legend: (Time is in decaauts)
 A = Elapsed time spent in this place.
 B = Non-inter-level travel time spent in this place.
 C = Inter-level travel time spent in this place.
 D = Time resting spent in this place.
 E = Time spent auto-exploring this place.
 F = Levels seen in this place.
 G = Mean time per level.
                   A        B        C        D        E       F      G
               +--------+--------+--------+--------+--------+-----+--------+
         Total |     35 |     35 |      0 |      0 |      5 |   1 |   35.0 |
       Dungeon |     35 |     35 |      0 |      0 |      5 |   1 |   35.0 |
               +--------+--------+--------+--------+--------+-----+--------+

Top non-repeatable levels by time:
     D:1: 35 daAuts
